 Dungeon Crawl Stone Soup version 0.29.1-15-g9cfb28693d (webtiles) character file.

Game seed: 15508436997058306444

422 Arzdou the Digger (level 6, -2/48 HPs)
             Began as a Gargoyle Earth Elementalist on Apr 24, 2023.
             Slain by Dowan
             ... wielding a +0 dagger
              (5 damage)
             ... on level 3 of the Dungeon.
             The game lasted 00:06:19 (3159 turns).

Arzdou the Digger (Gargoyle Earth Elementalist)     Turns: 3159, Time: 00:06:20

Health: -2/48      AC: 23    Str: 11    XL:     6   Next: 95%
Magic:  5/11       EV:  2    Int: 18    God:
Gold:   249        SH:  3    Dex: 10    Spells: 8/12 levels left

rFire   . . .      SeeInvis .   l - staff of poison
rCold   . . .      Faith    .   o - +0 buckler
rNeg    + + .      Spirit   .   (body armour currently unavailable)
rPois   ∞          Reflect  .   (helmet currently unavailable)
rElec   .          Harm     .   (cloak currently unavailable)
rCorr   .          Rampage  .   (gloves currently unavailable)
Will    .....      NoTele   +   (boots currently unavailable)
Stlth   +.........              i - amulet of regeneration
HPRegen 0.96/turn               g - ring of positive energy
MPRegen 0.12/turn               (no ring)

@: lit by a corona, tree-form, hasted, glowing, very quick
A: stationary, stasis, torment immunity, boosted hp, sickness immunity, AC +4,
negative energy resistance 1, (electricity resistance), torment resistance 1,
petrification resistance
a: no special abilities


You were on level 3 of the Dungeon.
You were a tree.
You visited 1 branch of the dungeon, and saw 4 of its levels.

You collected 249 gold pieces.

Inventory:

Hand Weapons
 c - a +0 short sword
Armour
 a - a +0 robe (melded)
 h - a +0 helmet (melded)
 o - a +0 buckler (worn)
Magical Staves
 l - a staff of poison (weapon)
Jewellery
 g - a ring of positive energy (left branch)
 i - an amulet of regeneration (around neck)
 m - a ring of ice
Wands
 k - a wand of acid (14)
Potions
 b - a potion of magic
 d - a potion of degeneration
 e - a potion of might {unknown}
 f - a potion of brilliance {unknown}
 j - 4 potions of curing


   Skills:
 + Level 0.1 Fighting
 + Level 1.7 Dodging
 + Level 2.7 Stealth
 + Level 3.8 Spellcasting
 * Level 2.1 Conjurations
 + Level 0.7 Transmutations
 * Level 7.1 Earth Magic


You had 8 spell levels left.
You knew the following spells:

 Your Spells              Type           Power      Damage    Failure   Level
a - Sandblast             Erth           58%        2d13      1%          1
b - Stone Arrow           Conj/Erth      40%        3d9       9%          3

Your spell library contained the following spells:

 Spells                   Type           Power      Damage    Failure   Level
 Passwall                 Tmut/Erth      14%        N/A       6%          2
 Blink                    Tloc           6%         N/A       30%         2
 Petrify                  Tmut/Erth      17%        N/A       38%         4
 Summon Guardian Golem    Hex/Summ       3%         N/A       52%         3
 Alistair's Intoxication  Tmut/Pois      4%         N/A       99%         5
 Manifold Assault         Tloc           3%         N/A       99%         5
 Summon Cactus Giant      Summ           1%         N/A       100%        6
 Storm Form               Tmut/Air       2%         N/A       100%        7


Dungeon Overview and Level Annotations

Branches:
Dungeon (4/15)
 Temple: D:4-7

Altars:

Annotations:
D:3 Dowan, Duvessa


Innate Abilities, Weirdness & Mutations

You are a tree.
Your roots penetrate the ground, keeping you stationary.
You cannot be teleported.
You are immune to unholy pain and torment.
Your maximum health is greatly increased.
Your equipment is partially melded.
You are immune to sickness and miasma.
((Your stone body is resilient. (AC +4)))
You are immune to poison.
You resist negative energy. (rN+)
((You are resistant to electric shocks. (rElec)))
You are resistant to unholy torment.
You are immune to petrification.


Message History

Dowan points at you and mumbles some strange words.
You are outlined in light.
Duvessa hits you with a +1 short sword of electrocution!
* * * LOW HITPOINT WARNING * * *
Dowan smirks and points a slender finger.
Dowan gestures at Duvessa while chanting.
Duvessa seems to speed up.
Casting: Sandblast (safe; 1% risk of failure)
Confirm with . or Enter, or press ? or * to list all spells.
Aiming: Sandblast (safe; 1% risk of failure)
Press: ? - help, Shift-Dir - straight line, f - Duvessa
Aim: Duvessa, wielding a +1 short sword of electrocution and wearing a +1 leather armour of fire resistance (almost dead, fast, 85% to hit)
The blast of sand hits Duvessa.
Duvessa is almost dead.
Duvessa barely misses you.
Casting: Sandblast (safe; 1% risk of failure)
Confirm with . or Enter, or press ? or * to list all spells.
Aiming: Sandblast (safe; 1% risk of failure)
Press: ? - help, Shift-Dir - straight line, f/p - Duvessa
Aim: Duvessa, wielding a +1 short sword of electrocution and wearing a +1 leather armour of fire resistance (almost dead, fast, 85% to hit)
The blast of sand hits Duvessa.
Duvessa is almost dead.
Duvessa hits you with a +1 short sword of electrocution.
* * * LOW HITPOINT WARNING * * *
Duvessa hits you with a +1 short sword of electrocution.
* * * LOW HITPOINT WARNING * * *
You aren't carrying any scrolls.
Really quaff the potion of lignification?
You turn into a tree.
Your +0 helmet melds into your body.
Your +0 robe melds into your body.
Your roots penetrate the ground.
You block Dowan's attack. Duvessa hits you but does no damage.
You hit Duvessa but do no damage.
Duvessa is almost dead.
Duvessa hits you with a +1 short sword of electrocution.
* * * LOW HITPOINT WARNING * * *
Dowan hits you but does no damage.
You closely miss Duvessa.
Duvessa is almost dead.
You block Duvessa's attack. Dowan hits you with a +0 dagger.
You die...

##........................###....
##................#######.....(..
##......................####.....
##......................###......
.#..........................#....
....................>...###......
###.....................###......
##.....#....>e#................
#######.....e♣.........#......
#######........###........#.#.###
................##......###.#.#
.########.............#####.#.#
.....................####...#.#
########.)................###.#
#...............####....#
#######.................##.####
....................###.##.#


You could see Duvessa (fast) and Dowan.

Vanquished Creatures
  A black bear (D:3)
  A necrophage (D:4)
  A hound (D:2)
  An iguana (D:3)
  Natasha (D:3)
  4 gnolls (D:2)
  9 adders
  2 worms (D:3)
  A dart slug (D:1)
  An orc (D:3)
  5 bats
  8 endoplasms
  5 giant cockroaches
  9 goblins
  3 hobgoblins
  3 kobolds
  2 quokkas
  4 ball pythons
  3 frilled lizards
  5 rats
69 creatures vanquished.

Vanquished Creatures (others)
  2 fungi (D:2)
  2 plants (D:2)
4 creatures vanquished.

Grand Total: 73 creatures vanquished

Notes
Turn   | Place    | Note
-------+----------+-------------------------------------------
     0 | D:1      | Arzdou the Gargoyle Earth Elementalist began the quest for
                  | the Orb.
     0 | D:1      | Reached XP level 1. HP: 10/10 MP: 3/3
   145 | D:1      | Reached skill level 4 in Earth Magic
   158 | D:1      | Reached XP level 2. HP: 4/15 MP: 1/5
   870 | D:1      | Got the Book of Septic Summoning
   914 | D:1      | Reached XP level 3. HP: 19/19 MP: 4/6
  1244 | D:2      | Learned a level 3 spell: Stone Arrow
  1294 | D:2      | Found a faded altar of an unknown god.
  1371 | D:2      | Reached skill level 5 in Earth Magic
  1371 | D:2      | Reached XP level 4. HP: 23/24 MP: 4/8
  1718 | D:2      | Reached skill level 1 in Conjurations
  1720 | D:2      | Reached XP level 5. HP: 28/28 MP: 5/9
  2163 | D:3      | Reached skill level 6 in Earth Magic
  2618 | D:3      | Reached XP level 6. HP: 32/32 MP: 6/11
  3077 | D:4      | Noticed Dowan
  3079 | D:4      | Noticed Natasha
  3080 | D:4      | Noticed Duvessa
  3083 | D:4      | Noticed a black bear
  3097 | D:3      | Killed a black bear
  3098 | D:3      | Reached skill level 7 in Earth Magic
  3099 | D:3      | Killed Natasha
  3152 | D:3      | HP: 1/32 [Duvessa/+1 short sword of electrocution (10)]
  3158 | D:3      | HP: 2/48 [Duvessa/+1 short sword of electrocution (1)]
  3159 | D:3      | Slain by Dowan

Illustrated notes

Levels and vault maps discovered:
D:1:      roderic_dead_forest, layout_basic
D:2:      layout_basic, dreamdust_ecumenical_altar_grove, moated_statue
D:3:      layout_rooms
D:4:      layout_loops_cross, uniq_duvessa, uniq_natasha

Skill      XL: |  1  2  3  4  5  6 |
---------------+-------------------+-----
Earth Magic    | 4 5 6 7 |  7.1
Conjurations   | 1 2 |  2.1
Spellcasting   | 3 |  3.8
Fighting       | |  0.1
Dodging        | |  1.7
Stealth        | |  2.7
Transmutations | |  0.7

Action                   |  1- 3 |  4- 6 || total
-------------------------+-------+-------++-------
Melee: Unarmed           |    12 |       ||    12
       Staff             |       |     2 ||     2
 Cast: Sandblast         |    44 |    68 ||   112
       Stone Arrow       |       |     4 ||     4
  Use: Scroll            |       |     8 ||     8
       Potion            |       |     2 ||     2
Armor: Robe              |     6 |    27 ||    33
       Skin              |       |     2 ||     2
Dodge: Dodged            |    14 |    40 ||    54
Block: Buckler           |       |     4 ||     4
